 Dungeon Crawl Stone Soup version 0.31-a0-232-gb1c03b2570 (webtiles) character file.

Game seed: 105581379828887393

23416 qw the Marksminotaur (level 12, -7/106 HPs)
             Began as a Minotaur Hexslinger on July 7, 2023.
             Was a High Priest of Okawaru.
             Mangled by a death yak (15 damage)
             ... on level 4 of the Lair of Beasts.
             The game lasted 00:05:18 (13721 turns).

qw the Marksminotaur (Minotaur Hexslinger)         Turns: 13721, Time: 00:05:18

Health: -7/106     AC: 18    Str: 13    XL:     12   Next: 71%
Magic:  14/18      EV: 18    Int: 12    God:    Okawaru [*****.]
Gold:   581        SH:  0    Dex: 21    Spells: 12/13 levels left

rFire   x . .        Y - +5 arbalest
rCold   + . .        (shield currently unavailable)
rNeg    . . .        b - quicksilver dragon scales
rPois   .            (helmet restricted)
rElec   .            e - +0 cloak
rCorr   .            (no gloves)
SInv    .            p - +1 pair of boots
Will    ++...        d - amulet of faith
Stlth   +++          n - ring of willpower
HPRegen 0.37/turn    i - ring "Puumm" {Ice Int+2 Dex+3}
MPRegen 0.16/turn

%: faith
@: heroic, finesse-ful
A: horns 2, retaliatory headbutt
a: Renounce Religion, Heroism, Finesse, Duel


You were on level 4 of the Lair of Beasts.
You worshipped Okawaru.
Okawaru was extremely pleased with you.
You visited 2 branches of the dungeon, and saw 14 of its levels.
You also visited: Sewer.

You collected 1148 gold pieces.
You spent 567 gold pieces at shops.


Innate Abilities, Weirdness & Mutations

You have a pair of horns on your head.
You reflexively headbutt those who attack you in melee.


   Skills:
 + Level 10.3(15.3) Fighting
 - Level 16.0(21.0) Ranged Weapons
 - Level 8.0(13.0) Armour
 - Level 7.0(12.0) Dodging
 - Level 1.0 Spellcasting
 - Level 2.0 Hexes
 - Level 10.0 Invocations


You had 12 spell levels left.
You knew the following spells:

 Your Spells              Type           Power      Damage    Failure   Level
a - Slow                  Hex            20%        N/A       22%         1

Your spell library contained the following spells:

 Spells                   Type           Power      Damage    Failure   Level
 Inner Flame              Hex/Fire       3%         N/A       71%         3
 Portal Projectile        Hex/Tloc       6%         N/A       71%         3
 Cause Fear               Hex            2%         N/A       92%         4

Inventory:

Hand Weapons
 Y - a +5 arbalest (weapon)
Armour
 b - quicksilver dragon scales (worn)
 e - a +0 cloak (worn)
 p - a +1 pair of boots (worn)
 t - a +0 ring mail of fire resistance
Jewellery
 d - an amulet of faith (around neck)
 i - the ring "Puumm" (right hand) {Ice Int+2 Dex+3}
   (You found it on level 8 of the Dungeon)

   [ring of ice]

   It enhances your ice magic.
   Int:       It affects your intelligence (+2).
   Dex:       It affects your dexterity (+3).
   rF:        It makes you vulnerable to fire.
   rC:        It protects you from cold.
 k - a ring of fire
 n - a ring of willpower (left hand)
 q - an amulet of the acrobat
 u - a ring of resist corrosion
Scrolls
 a - a scroll of identify
Potions
 c - 4 potions of enlightenment
 f - a potion of resistance
 h - a potion of mutation
 j - a potion of haste
 m - a potion of magic
 o - a potion of ambrosia {unknown}
 r - 4 potions of might
 s - 4 potions of curing

Dungeon Overview and Level Annotations

Branches:
Dungeon (11/15)            Temple (0/1) D:7            Lair (4/5) D:11
  Slime (0/5) Lair:4          Orc (0/2) D:11          Sewer (visited)
  Swamp: Lair:2-3    Shoals: Lair:2-3     Snake: Lair:2-3    Spider: Lair:2-3

Altars:
Dithmenos
Elyvilon
Fedhas
Okawaru
Qazlal
Vehumet
Wu Jian
Yredelemnul
Jiyva

Shops:
D:1 *=!(   D:6 *   D:7 :   D:8 [

Portals:
Ice
Cave: Lair:2

Annotations:
Lair:1 3 runed translucent doors, qw's ghost, journeyman GrFi


Message History

The yak gores you but does no damage. The death yak gores you!!
The death yak barely misses you.
Your base Ranged Weapons skill increases to level 16!
You shoot a bolt.
The bolt hits the death yak but does no damage.
The death yak is heavily wounded.
You shoot a bolt. The bolt hits the death yak.
The death yak is heavily wounded.
The yak gores you but does no damage. The yak misses you.
You furiously retaliate!
You headbutt the yak. The death yak misses you. You furiously retaliate!
You headbutt the death yak, but do no damage.
The death yak closely misses you.
You shoot a bolt. The bolt hits the death yak.
The death yak is heavily wounded.
You shoot a bolt.
The bolt hits the death yak but does no damage.
The death yak is heavily wounded.
The yak gores you! The yak barely misses you. You furiously retaliate!
You headbutt the yak. The death yak gores you!
The death yak gores you but does no damage.
You shoot a bolt. The bolt hits the death yak!!
The death yak is almost dead.
You shoot a bolt. The bolt hits the death yak!!
You kill the death yak!
Okawaru is honoured by your kill. The yak gores you!
The yak gores you but does no damage.
The death yak gores you but does no damage.
Your Invocations skill increases to level 10!
You shoot a bolt. The bolt hits the yak!
The yak is heavily wounded.
The yak misses you. You furiously retaliate!
You headbutt the yak! The death yak misses you. The yak misses you.
You shoot a bolt. The bolt hits the yak!
The yak is severely wounded.
You shoot a bolt.
The bolt hits the yak but does no damage.
The yak is severely wounded.
The death yak gores you!
You die...

..... .#....
.....# ## #. .
..#..#P###...
#..#..........P
.#..#P.........
......%Y.......
.....%Y@....%..
..#)..Y%%......
#.......%...!.
..#............
#............_.
##...........>.
#.............
..............


You could see a death yak and 2 yaks.

Vanquished Creatures
  A hydra (Lair:2)
  Erolcha (D:9)
  2 two-headed ogres (D:11)
  3 death yaks (Lair:4)
  Lodul (D:11)
  A skyshark (Lair:2)
  Pikel (D:7)
  An ugly thing (D:11)
  A black mamba (Lair:2)
  A torpor snail (Lair:2)
  A gargoyle (D:10)
  4 cane toads
  An unseen horror (D:11)
  2 komodo dragons
  A kobold demonologist (D:8)
  2 ice devils (Lair:2)
  A troll (D:11)
  2 polar bears (Lair:1)
  A shadow (D:9)
  32 yaks
  A steam dragon (D:8)
  Menkaure (D:7)
  2 acid dragons
  14 water moccasins
  2 sky beasts (D:7)
  2 black bears (D:11)
  3 orc warriors
  12 ogres
  8 wolves
  4 centaurs
  A lemure (D:7)
  2 phantoms
  A kobold brigand (D:8)
  4 scorpions
  3 gnoll sergeants
  16 bullfrogs
  6 wights
  14 killer bees
  9 howler monkeys
  2 orc priests
  5 hounds
  A gnoll bouda (D:5)
  2 jellies
  An iguana (D:4)
  7 orc wizards
  A hell rat (Sewer)
  12 adders
  16 gnolls
  3 river rats
  A shadow imp (D:8)
  5 white imps
  2 worms
  A dart slug (D:3)
  26 orcs
  10 endoplasms
  10 giant cockroaches
  9 goblins
  13 hobgoblins
  11 jackals
  5 quokkas
  5 ball pythons
  6 bats
  8 frilled lizards
  12 kobolds
  14 rats
353 creatures vanquished.

Notes
Turn   | Place    | Note
-------+----------+-------------------------------------------
     0 | D:1      | qw the Minotaur Hexslinger began the quest for the Orb.
     0 | D:1      | Reached XP level 1. HP: 16/16 MP: 1/1
     0 | D:1      | 0 ||| qw: Version: 0.3-a-46-gb1f654a
     0 | D:1      | 0 ||| qw: Game counter: 2465
     0 | D:1      | 0 ||| qw: Melee chars always use a shield: true
     0 | D:1      | 0 ||| qw: God list: Okawaru
     0 | D:1      | 0 ||| qw: Allow faded altars: false
     0 | D:1      | 0 ||| qw: Do Orc after clearing Dungeon:15 true
     0 | D:1      | 0 ||| qw: Do second Lair branch before Depths: true
     0 | D:1      | 0 ||| qw: Lair rune preference: random
     0 | D:1      | 0 ||| qw: Goals: Normal
     0 | D:1      | 0 ||| PLANNING D:1-11
    34 | D:1      | 34 ||| Stepping ~*~*~tactically~*~*~ (outnumbered).
    42 | D:1      | Reached skill level 3 in Ranged Weapons
    42 | D:1      | Reached XP level 2. HP: 7/23 MP: 2/2
   171 | D:1      | Found Guidar's Distillery.
   177 | D:1      | 177 ||| SHOPLISTING potion of curing (33 gold, have 17).
   177 | D:1      | 177 ||| SHOPLISTING potion of enlightenment (55 gold, have
                  | 17).
   177 | D:1      | 177 ||| SHOPLISTING potion of heal wounds (55 gold, have
                  | 17).
   177 | D:1      | 177 ||| SHOPLISTING potion of might (44 gold, have 17).
   177 | D:1      | 177 ||| SHOPLISTING potion of resistance (110 gold, have
                  | 17).
   279 | D:1      | 279 ||| DROPPING scroll of poison.
   367 | D:1      | HP: 4/24 [quokka (5)]
   373 | D:1      | HP: 5/24 [giant cockroach (1)]
   492 | D:1      | Found Aguum's General Store.
   500 | D:1      | 500 ||| SHOPLISTING potion of heal wounds (65 gold, have
                  | 17).
   625 | D:1      | Reached XP level 3. HP: 29/29 MP: 3/3
   688 | D:1      | 688 ||| Stepping ~*~*~tactically~*~*~ (water).
   700 | D:1      | 700 ||| UPGRADING to +0 pair of boots.
   808 | D:1      | Found Zaota's Weapon Boutique.
   814 | D:1      | 814 ||| SHOPLISTING +2 shortbow of freezing (174 gold, have
                  | 77).
  1002 | D:1      | Found Ustu's Jewellery Shoppe.
  1012 | D:1      | 1012 ||| SHOPLISTING +4 ring of protection (396 gold, have
                  | 90).
  1012 | D:1      | 1012 ||| SHOPLISTING +5 ring of evasion (396 gold, have
                  | 90).
  1012 | D:1      | 1012 ||| SHOPLISTING amulet of regeneration (330 gold, have
                  | 90).
  1012 | D:1      | 1012 ||| SHOPLISTING ring of ice (275 gold, have 90).
  1012 | D:1      | 1012 ||| SHOPLISTING ring of poison resistance (220 gold,
                  | have 90).
  1187 | D:1      | 1187 ||| READING 3 scrolls labelled ARPHOX KUPULUE.
  1188 | D:1      | 1188 ||| READING scroll labelled VEGEIM ZYCAKK.
  1189 | D:1      | 1189 ||| READING scroll labelled VEL ABUMYKHYN.
  1190 | D:1      | 1190 ||| READING 2 scrolls of identify.
  1190 | D:1      | 1190 ||| IDENTIFYING blue potion
  1279 | D:2      | Reached skill level 4 in Ranged Weapons
  1280 | D:2      | 1280 ||| FLEEEEING.
  1281 | D:2      | 1281 ||| FLEEEEING.
  1282 | D:2      | 1282 ||| FLEEEEING.
  1418 | D:2      | Reached XP level 4. HP: 21/36 MP: 4/4
  1421 | D:2      | HP: 9/36 [poisoned by an adder]
  1426 | D:2      | HP: 4/36 [poisoned by an adder]
  1590 | D:2      | HP: 9/36 [poisoned by an adder]
  1829 | D:2      | Reached skill level 5 in Ranged Weapons
  1926 | D:2      | 1926 ||| UPGRADING to +2 ring mail of cold resistance.
  1936 | D:2      | 1936 ||| DROPPING +0 robe.
  1937 | D:2      | 1937 ||| DROPPING +0 leather armour.
  1938 | D:2      | 1938 ||| READING 3 scrolls labelled YTEUNK FELU.
  1939 | D:2      | 1939 ||| READING 2 scrolls of enchant weapon.
  1939 | D:2      | 1939 ||| ENCHANTING +2 sling.
  1940 | D:2      | 1940 ||| READING scroll of enchant weapon.
  1940 | D:2      | 1940 ||| ENCHANTING +3 sling.
  1941 | D:2      | 1941 ||| DRINKING 2 clear potions.
  1942 | D:2      | 1942 ||| DROPPING potion of attraction.
  1993 | D:3      | Reached skill level 1 in Armour
  2099 | D:3      | Reached XP level 5. HP: 44/44 MP: 5/5
  2193 | D:3      | Found an ornate altar of the Wu Jian Council.
  2220 | D:3      | Reached skill level 3 in Fighting
  2480 | D:3      | Found an iron altar of Okawaru.
  2481 | D:3      | 2481 ||| PLANNING OKAWARU WORSHIP
  2481 | D:3      | 2481 ||| UPGRADING to ring of resist corrosion.
  2489 | D:3      | Became a worshipper of Warmaster Okawaru
  2490 | D:3      | 2490 ||| PLANNING D:1-11
  2667 | D:4      | Noticed a phantom
  2672 | D:4      | Killed a phantom
  2673 | D:4      | Reached skill level 6 in Ranged Weapons
  2759 | D:4      | Reached XP level 6. HP: 51/51 MP: 6/6
  3234 | D:4      | Reached skill level 7 in Ranged Weapons
  3408 | D:4      | Identified the +3 leather armour of the Gastropod {Will+}
  3471 | D:4      | 3471 ||| READING scroll labelled WARIG FOOL.
  3472 | D:4      | 3472 ||| DRINKING 2 sedimented amethyst potions.
  3577 | D:4      | 3577 ||| DROPPING potion of berserk rage.
  3593 | D:5      | Entered Level 5 of the Dungeon
  3594 | D:5      | 3594 ||| PLANNING SEWER
  3606 | D:5      | Reached XP level 7. HP: 56/59 MP: 7/7
  3631 | D:5      | 3631 ||| Stepping ~*~*~tactically~*~*~ (outnumbered).
  3807 | D:5      | Found a glowing drain.
  3808 | D:5      | 3808 ||| READING scroll labelled YNEEVA QEHYX.
  3835 | D:5      | Reached skill level 8 in Ranged Weapons
  3855 | D:5      | 3855 ||| FLEEEEING.
  3936 | D:5      | Reached * piety under Okawaru
  3952 | D:5      | Found a stormy altar of Qazlal.
  3978 | D:5      | Reached skill level 1 in Invocations
  3988 | Sewer    | Entered a sewer
  4011 | Sewer    | 4011 ||| Stepping ~*~*~tactically~*~*~ (water).
  4087 | Sewer    | 4087 ||| READING scroll of enchant weapon.
  4087 | Sewer    | 4087 ||| ENCHANTING +4 sling.
  4099 | Sewer    | 4099 ||| READING scroll labelled SOJUENKUAMU.
  4103 | Sewer    | 4103 ||| DRINKING 2 bubbling puce potions.
  4115 | D:5      | 4115 ||| PLANNING D:1-11
  4253 | D:5      | 4253 ||| INVOKING Heroism.
  4254 | D:5      | 4254 ||| INVOKING Heroism.
  4456 | D:5      | 4456 ||| UPGRADING to +1 pair of boots.
  4466 | D:5      | 4466 ||| DROPPING +0 pair of boots.
  4467 | D:5      | 4467 ||| UPGRADING to amulet of the acrobat.
  4511 | D:6      | Found Qeyskad's General Store.
  4516 | D:6      | 4516 ||| BUYING scroll of enchant weapon (105 gold).
  4516 | D:6      | Bought a scroll of enchant weapon for 105 gold pieces
  4516 | D:6      | 4516 ||| BUYING scroll of identify (28 gold).
  4516 | D:6      | Bought a scroll of identify for 28 gold pieces
  4516 | D:6      | 4516 ||| BUYING scroll of identify (28 gold).
  4516 | D:6      | Bought a scroll of identify for 28 gold pieces
  4516 | D:6      | 4516 ||| READING scroll of enchant weapon.
  4516 | D:6      | 4516 ||| ENCHANTING +5 sling.
  4534 | D:6      | 4534 ||| Stepping ~*~*~tactically~*~*~ (outnumbered).
  4539 | D:6      | Reached XP level 8. HP: 63/68 MP: 8/8
  4603 | D:6      | 4603 ||| INVOKING Heroism.
  4610 | D:6      | Reached skill level 9 in Ranged Weapons
  4680 | D:6      | Reached skill level 3 in Invocations
  4682 | D:6      | 4682 ||| INVOKING Heroism.
  4687 | D:6      | Reached skill level 3 in Dodging
  4834 | D:6      | Reached skill level 6 in Fighting
  4836 | D:6      | 4836 ||| INVOKING Heroism.
  4912 | D:6      | 4912 ||| INVOKING Heroism.
  5026 | D:6      | 5026 ||| SWAPPING to +0 orcbow.
  5027 | D:6      | 5027 ||| DROPPING +6 sling.
  5076 | D:6      | 5076 ||| INVOKING Heroism.
  5196 | D:6      | 5196 ||| UPGRADING to +0 cloak.
  5201 | D:6      | 5201 ||| READING scroll labelled UMEBUU MENUS.
  5202 | D:6      | 5202 ||| READING 3 scrolls of identify.
  5202 | D:6      | 5202 ||| IDENTIFYING viscous cyan potion
  5203 | D:6      | 5203 ||| READING 2 scrolls of identify.
  5203 | D:6      | 5203 ||| IDENTIFYING golden potion
  5239 | D:7      | 5239 ||| Stepping ~*~*~tactically~*~*~ (outnumbered).
  5248 | D:7      | 5248 ||| INVOKING Heroism.
  5253 | D:7      | Reached skill level 10 in Ranged Weapons
  5253 | D:7      | 5253 ||| DRINKING potion of curing.
  5253 | D:7      | 5253 ||| (to cure confusion)
  5271 | D:7      | Reached skill level 3 in Armour
  5271 | D:7      | 5271 ||| INVOKING Heroism.
  5420 | D:7      | 5420 ||| SWAPPING to +3 arbalest.
  5421 | D:7      | 5421 ||| DROPPING +0 orcbow.
  5424 | D:7      | Found a staircase to the Ecumenical Temple.
  5445 | D:7      | Noticed a walking divine tome
  5448 | D:7      | Found Ruobom's Book Emporium.
  5450 | D:7      | Noticed a walking crystal tome
  5476 | D:7      | Reached XP level 9. HP: 73/78 MP: 10/10
  5509 | D:7      | 5509 ||| INVOKING Heroism.
  5674 | D:7      | Found a shadowy altar of Dithmenos.
  5677 | D:7      | 5677 ||| READING 3 scrolls of identify.
  5677 | D:7      | 5677 ||| IDENTIFYING murky red potion
  5678 | D:7      | 5678 ||| READING 2 scrolls of identify.
  5678 | D:7      | 5678 ||| IDENTIFYING ruby potion
  5679 | D:7      | 5679 ||| DROPPING potion of invisibility.
  5680 | D:7      | 5680 ||| DROPPING potion of degeneration.
  5690 | D:7      | Noticed Pikel
  5705 | D:7      | Killed Pikel
  6050 | D:7      | Noticed Menkaure
  6051 | D:7      | 6051 ||| INVOKING Heroism.
  6054 | D:7      | Killed Menkaure
  6252 | D:7      | Found a radiant altar of Vehumet.
  6606 | D:7      | 6606 ||| DRINKING 2 fuming green potions.
  6641 | D:8      | 6641 ||| INVOKING Heroism.
  6646 | D:8      | Reached skill level 11 in Ranged Weapons
  6676 | D:8      | 6676 ||| INVOKING Heroism.
  6697 | D:8      | 6697 ||| INVOKING Heroism.
  6940 | D:8      | 6940 ||| Stepping ~*~*~tactically~*~*~ (outnumbered).
  6942 | D:8      | 6942 ||| Stepping ~*~*~tactically~*~*~ (outnumbered).
  6953 | D:8      | Reached skill level 12 in Ranged Weapons
  6953 | D:8      | 6953 ||| FLEEEEING.
  6955 | D:8      | Noticed a kobold demonologist
  6960 | D:8      | 6960 ||| INVOKING Heroism.
  6964 | D:8      | Noticed an ice devil
  6965 | D:8      | Killed a kobold demonologist
  6966 | D:8      | Reached XP level 10. HP: 59/88 MP: 9/12
  7166 | D:8      | Found a white marble altar of Elyvilon.
  7193 | D:8      | Reached ** piety under Okawaru
  7244 | D:8      | 7244 ||| INVOKING Heroism.
  7255 | D:8      | HP: 15/88 [yak (13)]
  7256 | D:8      | 7256 ||| READING scroll of teleportation.
  7257 | D:8      | 7257 ||| DRINKING 3 potions of heal wounds.
  7437 | D:8      | Identified the ring "Puumm" {Ice Int+2 Dex+3}
  7468 | D:8      | Found a basalt altar of Yredelemnul.
  7909 | D:8      | Found Cirghaz's Antique Armour Shoppe.
  7915 | D:8      | 7915 ||| BUYING pair of glowing boots (210 gold).
  7915 | D:8      | Bought a pair of glowing boots for 210 gold pieces
  7915 | D:8      | 7915 ||| BUYING runed ring mail (196 gold).
  7915 | D:8      | Bought a runed ring mail for 196 gold pieces
  8032 | D:8      | 8032 ||| DROPPING +0 pair of boots of stealth.
  8033 | D:8      | 8033 ||| UPGRADING to ring "Puumm" {Ice Int+2 Dex+3}.
  8034 | D:8      | 8034 ||| UPGRADING to +3 leather armour of the Gastropod
                  | {Will+}.
  8044 | D:8      | 8044 ||| UPGRADING to ring of willpower.
  8046 | D:8      | 8046 ||| DRINKING 2 black potions.
  8047 | D:8      | 8047 ||| READING 2 scrolls of identify.
  8047 | D:8      | 8047 ||| IDENTIFYING lumpy green potion
  8139 | D:9      | Reached skill level 6 in Dodging
  8187 | D:9      | Noticed Erolcha
  8188 | D:9      | 8188 ||| INVOKING Heroism.
  8200 | D:9      | HP: 11/88 [something (38)]
  8204 | D:9      | Killed Erolcha
  8204 | D:9      | Reached *** piety under Okawaru
  8205 | D:9      | Reached skill level 13 in Ranged Weapons
  8205 | D:9      | 8205 ||| DRINKING 2 potions of heal wounds.
  8212 | D:9      | 8212 ||| INVOKING Heroism.
  8374 | D:9      | Found a blossoming altar of Fedhas.
  8398 | D:9      | 8398 ||| READING scroll of enchant weapon.
  8398 | D:9      | 8398 ||| ENCHANTING +3 arbalest.
  8444 | D:9      | 8444 ||| INVOKING Heroism.
  8634 | D:9      | Reached skill level 9 in Fighting
  8796 | D:9      | 8796 ||| UPGRADING to quicksilver dragon scales.
  8806 | D:9      | 8806 ||| DROPPING +2 ring mail of cold resistance.
  8807 | D:9      | 8807 ||| DROPPING +3 leather armour of the Gastropod
                  | {Will+}.
  8812 | D:10     | Entered Level 10 of the Dungeon
  8859 | D:10     | Found a flagged portal.
  8881 | D:10     | Noticed a gargoyle
  8888 | D:10     | 8888 ||| INVOKING Heroism.
  8892 | D:10     | HP: 11/91 [gargoyle/stone arrow (15)]
  8893 | D:10     | 8893 ||| DRINKING potion of heal wounds.
  8896 | D:10     | Killed a gargoyle
  9160 | D:10     | 9160 ||| READING scroll of enchant weapon.
  9160 | D:10     | 9160 ||| ENCHANTING +4 arbalest.
  9531 | D:10     | Reached skill level 6 in Armour
  9535 | D:10     | 9535 ||| INVOKING Heroism.
  9925 | D:10     | 9925 ||| UPGRADING to amulet of faith.
  9935 | D:10     | 9935 ||| DROPPING ring of flight.
  9982 | D:11     | Noticed a two-headed ogre
  9983 | D:11     | 9983 ||| INVOKING Heroism.
  9987 | D:11     | Killed a two-headed ogre
  9988 | D:11     | Reached XP level 11. HP: 97/97 MP: 10/13
 10052 | D:11     | 10052 ||| INVOKING Heroism.
 10059 | D:11     | Received a gift from Okawaru
 10062 | D:11     | Reached **** piety under Okawaru
 10097 | D:11     | Found a staircase to the Lair.
 10104 | D:11     | Reached skill level 14 in Ranged Weapons
 10205 | D:11     | 10205 ||| INVOKING Heroism.
 10300 | D:11     | Found a staircase to the Orcish Mines.
 10333 | D:11     | 10333 ||| INVOKING Heroism.
 10343 | D:11     | HP: 24/97 [poisoned by a gnoll sergeant]
 10669 | D:11     | Noticed a red ugly thing
 10676 | D:11     | 10676 ||| INVOKING Heroism.
 10679 | D:11     | Killed a red ugly thing
 11081 | D:11     | Noticed a two-headed ogre
 11082 | D:11     | 11082 ||| INVOKING Heroism.
 11086 | D:11     | Killed a two-headed ogre
 11144 | D:11     | Noticed Lodul
 11145 | D:11     | 11145 ||| INVOKING Heroism.
 11155 | D:11     | HP: 17/99 [ogre/+0 giant club[Lodul] (16)]
 11156 | D:11     | 11156 ||| READING scroll of teleportation.
 11161 | D:11     | 11161 ||| INVOKING Heroism.
 11175 | D:11     | HP: 11/99 [Lodul/+0 dire flail (14)]
 11177 | D:11     | Killed Lodul
 11178 | D:11     | Reached skill level 6 in Invocations
 11611 | D:11     | 11611 ||| PLANNING LAIR
 11611 | D:11     | 11611 ||| READING 2 scrolls of identify.
 11611 | D:11     | 11611 ||| IDENTIFYING smoky blue potion
 11620 | Lair:1   | Entered Level 1 of the Lair of Beasts
 11663 | Lair:1   | 11663 ||| INVOKING Heroism.
 11695 | Lair:1   | Found a runed translucent gate.
 11695 | Lair:1   | Found a runed translucent gate.
 11695 | Lair:1   | Found a runed translucent gate.
 11705 | Lair:1   | Noticed qw's ghost (journeyman GrFi)
 11710 | Lair:1   | 11710 ||| INVOKING Heroism.
 11850 | Lair:1   | 11850 ||| INVOKING Heroism.
 11864 | Lair:1   | Reached skill level 15 in Ranged Weapons
 12204 | Lair:1   | 12204 ||| INVOKING Heroism.
 12205 | Lair:1   | Reached XP level 12. HP: 72/106 MP: 13/16
 12529 | Lair:1   | 12529 ||| INVOKING Heroism.
 12647 | Lair:1   | 12647 ||| INVOKING Heroism.
 12654 | Lair:1   | Reached ***** piety under Okawaru
 13213 | Lair:1   | 13213 ||| DROPPING ring of wizardry.
 13214 | Lair:1   | 13214 ||| READING scroll labelled HOKERGH DEITWAU.
 13234 | Lair:2   | Noticed a four-headed hydra
 13235 | Lair:2   | 13235 ||| INVOKING Heroism.
 13242 | Lair:2   | Killed a four-headed hydra
 13273 | Lair:2   | 13273 ||| INVOKING Heroism.
 13283 | Lair:2   | HP: 21/106 [poisoned by a black mamba]
 13284 | Lair:2   | 13284 ||| DRINKING potion of heal wounds.
 13288 | Lair:2   | HP: 12/106 [poisoned by a black mamba]
 13290 | Lair:2   | 13290 ||| INVOKING Heroism.
 13652 | Lair:2   | Reached skill level 9 in Invocations
 13656 | Lair:2   | Found a frozen archway.
 13666 | Lair:2   | You fall into a shaft and drop 2 floors!
 13666 | Lair:4   | Found a viscous altar of Jiyva.
 13666 | Lair:4   | Found a staircase to the Slime Pits.
 13666 | Lair:4   | Noticed a death yak
 13667 | Lair:4   | 13667 ||| INVOKING Heroism.
 13668 | Lair:4   | 13668 ||| INVOKING Finesse.
 13671 | Lair:4   | Killed a death yak
 13692 | Lair:4   | Noticed a death yak
 13694 | Lair:4   | Noticed a death yak
 13694 | Lair:4   | Noticed a death yak
 13712 | Lair:4   | Killed a death yak
 13713 | Lair:4   | Reached skill level 16 in Ranged Weapons
 13716 | Lair:4   | HP: 20/106 [death yak (12)]
 13718 | Lair:4   | Killed a death yak
 13718 | Lair:4   | HP: 7/106 [yak (13)]
 13721 | Lair:4   | Mangled by a death yak

Levels and vault maps discovered:
D:1:      elethiomel_arrival_infinity_welcomes_careful_drivers,
          layout_loops_ring, serial_shops, shop, shop, shop,
          nicolae_lakefront_shop, serial_bayou, serial_bayou_pond_d,
          serial_bayou_lake_a, serial_bayou_shore_a, serial_bayou_pond_d,
          serial_bayou_pond_e, serial_bayou_ford_a, st_stairs_11
D:2:      layout_rooms, st_stairs_4
D:3:      layout_basic, general_overflow_altar, kennysheep_okawaru_gauntlet
D:4:      layout_loops_ring, minmay_between
D:5:      layout_rooms, mainiacjoe_overflow_concentric_impassable,
          portal_sewer_entry_c
D:6:      layout_rooms, serial_shops, shop_fountains
D:7:      layout_basic, amcnicky_altar_gilded,
          mainiacjoe_overflow_surrounded_room,
          minmay_temple_entry_statues_fountains, serial_shops,
          nicolae_shop_mannequins, uniq_menkaure, uniq_pikel
D:8:      minmay_general_purpose_star, layout_basic, kennysheep_ying_yang,
          serial_shops, shop
D:9:      layout_rooms, mainiacjoe_overflow_small_starburst, uniq_erolcha
D:10:     layout_stronghold, enter_bailey_2, corexii_corridor_pit,
          chequers_serial_rivers_room_a
D:11:     layout_roguey, due_lair_maze_entry_diamond, orc_0_dummy, minivault_1,
          uniq_lodul
Lair:1:   layout_layer_cave, gammafunk_ghost_necromancy, st_stairs_7,
          beast_lair_carwin_5, infiniplex_staircase_pool_2, grunt_megastairs_3
Lair:2:   layout_misc_corridors, nicolae_shoals_entry_flooding,
          portal_ice_cave_demonic_guard, beast_lair_carwin_4,
          grunt_megastairs_5, lemuel_fruit_tree, serial_bayou_shore_b,
          infiniplex_staircase_pool
Lair:4:   layout_layer_cave, slime_entry_1, minivault_19

Skill      XL: |  1  2  3  4  5  6  7  8  9 10 11 12 |
---------------+-------------------------------------+-----
Ranged Weapons | 3 4 5 6 7 8 10 12 13 15 16 | 16.0
Fighting       | 2 3 4 5 6 7 9 10 | 10.3
Armour         | 1 2 3 7 8 |  8.0
Invocations    | 2 3 4 7 10 | 10.0
Dodging        | 3 5 6 7 |  7.0
Spellcasting   | |  1.0
Hexes          | |  2.0

Action                     |  1- 3 |  4- 6 |  7- 9 | 10-12 || total
---------------------------+-------+-------+-------+-------++-------
   Fire: Sling             |   152 |   207 |   185 |       ||   544
         Orcbow            |       |       |    55 |       ||    55
         Arbalest          |       |       |   108 |   465 ||   573
 Invoke: Heroism           |       |       |    14 |    24 ||    38
         Finesse           |       |       |       |     1 ||     1
    Use: Scroll            |     4 |     4 |     9 |     7 ||    24
         Potion            |       |     2 |     3 |     5 ||    10
 Armour: Robe              |    24 |    18 |       |       ||    42
         Ring mail         |       |    31 |    96 |     9 ||   136
         Leather armour    |       |       |       |     5 ||     5
         Quicksilver drago |       |       |       |   113 ||   113
  Dodge: Dodged            |    62 |    68 |   190 |   305 ||   625

Table legend:
 A = Non-vault XP
 B = Vault XP
 C = Vault XP percentage of total XP
 D = Non-vault monster count
 E = Vault monster count
 F = Vault count percentage of total count
                 A         B        C        D         E       F
            +---------+---------+-------+---------+---------+-------
      Total |   26195 |    7257 |  21.7 |     296 |      56 |  15.9
            +---------+---------+-------+---------+---------+-------
        D:1 |      56 |       5 |   8.2 |      35 |       3 |   7.9
        D:2 |      77 |      15 |  16.3 |      22 |       2 |   8.3
        D:3 |      67 |       4 |   5.6 |      21 |       2 |   8.7
        D:4 |     357 |      62 |  14.8 |      21 |       5 |  19.2
        D:5 |     650 |      33 |   4.8 |      25 |       6 |  19.4
        D:6 |     917 |       0 |   0.0 |      22 |       0 |   0.0
        D:7 |    1146 |     792 |  40.9 |      20 |       2 |   9.1
        D:8 |    2898 |       0 |   0.0 |      36 |       0 |   0.0
        D:9 |    1166 |     884 |  43.1 |      17 |       1 |   5.6
       D:10 |    1667 |       0 |   0.0 |       9 |       0 |   0.0
       D:11 |    4003 |    2914 |  42.1 |      17 |      19 |  52.8
     Lair:1 |    5056 |    1795 |  26.2 |      28 |      10 |  26.3
     Lair:2 |    3391 |     703 |  17.2 |       8 |       2 |  20.0
     Lair:4 |    4744 |       0 |   0.0 |      15 |       0 |   0.0
      Sewer |       0 |      50 | 100.0 |       0 |       4 | 100.0
            +---------+---------+-------+---------+---------+-------
